[Event "AUT Bundesliga 2024-25"]
[Site "Austria"]
[Date "2025.04.04"]
[Round "9.24"]
[White "Ivanisevic, Ivan"]
[Black "Diermair, Andreas"]
[Result "1/2-1/2"]
[Annotator "TA"]
[ECO "D38"]
[WhiteElo "2527"]
[BlackElo "2445"]
[PlyCount "62"]
[EventDate "2024.08.28"]
[EventType "team-tourn"]
[EventCountry "AUT"]
[SourceTitle "playchess.com"]
[Source "ChessBase"]
[SourceQuality "1"]
[TimeControl "40/5400+30:1800+30"]

1. d4 e6 2. c4 Nf6 3. Nc3 Bb4 4. Nf3 d5 5. Qc2 dxc4 6. a3 {[%emt 0:00:10] D38: Queen's Gambit Declined: Ragozin Defence (4 Nf3 Bb4).} Bxc3+ 7. bxc3 c5 8. e4 Nc6 9. Bxc4 cxd4 10. cxd4 Nxd4 11. Qb2 $146 (11. Qc3 Nc6 12. O-O O-O 13. Bb2 Qa5 14. Qe3 e5 15. h3 Re8 16. Ng5 Nd8 17. Qb3 {½-½ Vanheiden,G (2193)-Meissen,F (2555) Remote-ch 2011 email 2013 (3)}) 11... e5 12. Be3 (12. Nxe5 $2 Qa5+ (12... Nxe4 $2 13. Bxf7+ Kf8 14. O-O $18) 13. Bd2 Qxe5 $19) (12. Nxd4 {simplifies} Qxd4 13. Qxd4 exd4 14. f3) 12... O-O (12... Nxe4 13. Bb5+ (13. Nxe5 Nc2+ 14. Ke2 Qa5 $11) 13... Kf8 14. Nxd4 Qa5+ 15. Qb4+ Qxb4+ 16. axb4 exd4 17. Bxd4 $14) 13. Nxd4 {[%emt 0:16:34] White sacrificed a pawn} exd4 14. Bxd4 {[%emt 0:00:05] A sharp opening} Nxe4 ({Black should play} 14... Qa5+ $11 15. Bc3 Qa4) 15. O-O $1 $14 (15. Bxg7 $2 {perishes.} Qa5+ 16. Ke2 Re8 $19) 15... Nd6 16. Bb3 {[%emt 0:05:23][%mdl 1024] White has compensation. A strong pair of Bishops.} Nf5 {[%emt 0:03:45] [#]} (16... Qg5 $1 $14) 17. Bc3 (17. Bc5 $1 $16 {[%cal Of1d1] Rfd1! would now be deadly.} Re8 18. Ba4) 17... Qg5 18. Rae1 Bd7 $1 19. Re5 Rfe8 (19... Rae8 $5) 20. Bd5 $36 {[%emt 0:12:31][%mdl 2048] White has the initiative.} Bc6 21. Bxc6 bxc6 22. Qb7 Qg6 {[%emt 0:05:41] [#]} (22... Red8 $11) 23. Rfe1 $1 $16 {[%emt 0:02:03] White has more active pieces.} f6 24. Rxe8+ Rxe8 25. Qxc6 (25. Qxa7 Rxe1+ 26. Bxe1 Qe8 $15) 25... Rxe1+ 26. Bxe1 {[%emt 0:00:05][%mdl 4096] Endgame KQB-KQN} h5 27. Qe4 (27. Qa8+ $16 Kh7 28. Qxa7) 27... Qg4 $11 {[%emt 0:06:14] The position is equal.} 28. Qe8+ Kh7 29. h3 Qd1 30. Qe4 g6 31. Kf1 Nd4 {[%emt 0:03:40] Weighted Error Value: White=0.15 (very precise) /Black=0.16 (very precise)   Mistake:       	White=2     	Black=3      Inaccurate:     	White=1     	Black=1      OK:         	White=6     	Black=10     Best:        	White=1     	---        Strong:       	White=2     	Black=1} 1/2-1/2

[Event "AUT Bundesliga 2024-25"]
[Site "Austria"]
[Date "2025.04.04"]
[Round "9.25"]
[White "Nguyen, Thai Dai Van"]
[Black "Mons, Leon"]
[Result "1-0"]
[Annotator "TA"]
[ECO "A14"]
[WhiteElo "2668"]
[BlackElo "2479"]
[PlyCount "121"]
[EventDate "2024.08.28"]
[EventType "team-tourn"]
[EventCountry "AUT"]
[SourceTitle "playchess.com"]
[Source "ChessBase"]
[SourceQuality "1"]
[TimeControl "40/5400+30:1800+30"]

1. Nf3 d5 2. g3 Nf6 3. Bg2 e6 4. O-O Be7 5. c4 O-O 6. b3 c5 7. cxd5 {[%emt 0:00:22] is cutting edge theory.} Nxd5 {[%emt 0:00:12] A14: English Opening: 1...e6 with b3 by White.} 8. Nc3 Bf6 9. Bb2 Nxc3 {[%emt 0:00:47] The position is equal.} 10. dxc3 $5 {[%emt 0:01:57][%mdl 4] Leaves trodden paths.} Bd7 11. Nd2 $146 (11. Qc2 Qc7 12. Rad1 Bc6 13. e4 Nd7 14. Nd2 Rfd8 15. f4 b5 16. Rfe1 Qb7 17. Nf1 {1-0 Lagunow,R (2411)-Stevanic,D (2253) EU-chT U18 Bad Blankenburg 2018 (4.4)}) 11... Bc6 12. Ne4 Be7 13. Qc2 Nd7 14. Rad1 (14. c4 $14) 14... Qc7 (14... c4 $1 $11) 15. c4 $14 Rfd8 16. Bc1 Nf6 17. Bf4 Qb6 18. Be5 Rxd1 19. Rxd1 Rd8 {[%emt 0:00:14] ...Rxd1+ would now be deadly.} 20. Nxf6+ Bxf6 21. Bxf6 Rxd1+ 22. Qxd1 gxf6 {[%emt 0:00:03][%mdl 4096] Endgame KQB-KQB} 23. Qd6 Qa5 $1 24. Bxc6 bxc6 $11 {[%emt 0:00:30] KQ-KQ} 25. a4 Qb4 26. Qd3 Kg7 27. Qf3 Qd2 28. Kg2 Qd6 29. Qc3 Qc7 30. Kf3 Qd6 31. Qe3 Qd1 32. Kg2 (32. Qxc5 Qxb3+ 33. Kg2 Qxa4 $17) 32... Qd6 33. Qe4 f5 34. Qe3 Kg6 35. Qf3 h6 ({Black should play} 35... Qe5 $11) 36. Qe3 (36. e4 $14) 36... Kg7 (36... a5 $1 $11) 37. Qc3+ Kg6 38. h4 e5 $1 39. Qa5 Qe7 40. Qd2 Kg7 41. Qd3 e4 (41... f4 $14) 42. Qd2 $16 Qb7 43. Qc3+ f6 44. Qe3 Qe7 45. h5 $1 Kh7 46. Qf4 Qe5 47. Qd2 Qe7 48. Qe3 Kg7 49. Kh3 (49. a5 $16) 49... Qe5 $14 50. Kg2 (50. b4 $1 $14) 50... Qe7 $1 $16 51. Qf4 Qe5 52. Qd2 Qe7 {[%emt 0:00:07] Repels Qd7} 53. Kh3 (53. Qa5 $16) 53... Qe8 $1 $11 54. Kh4 Qe7 {[%emt 0:00:20] Prevents Qd6} (54... e3 $1 $11 55. Qxe3 Qxe3 56. fxe3 Kf7) 55. Qd1 {[%emt 0:02:05] White is more active.} Kf7 {[%emt 0:02:13] [#]} 56. Qc1 ({Better is} 56. Kh3 $1 $16) 56... Kg7 57. Qd2 Kh7 $2 {[%emt 0:01:55][%mdl 8192] A mistake that costs the game.} (57... e3 $1 $11 58. Qxe3 Qxe3 59. fxe3 Kf7) 58. Qf4 $18 {[%emt 0:00:08] White is clearly winning.} Qe5 (58... Qd7 $142 59. g4 e3 60. fxe3 (60. Qxe3 Qd6 $18) 60... Kg7 61. Qxf5 (61. gxf5 Qd1 $18) 61... Qd6 62. Qg6+ Kf8 63. Qxh6+ Kf7) 59. Qxe5 fxe5 60. g4 Kg7 {[%emt 0:00:18] [#]} 61. g5 $1 {[%emt 0:01:51] Weighted Error Value: White=0.17 (very precise) /Black=0.39  Loses game:     	---       	Black=1      Mistake:       	White=6     	Black=6      Inaccurate:     	White=3     	Black=4      OK:         	White=15    	Black=19     Best:        	White=2     	---        Strong:       	---       	Black=4} ({Not} 61. gxf5 Kf6 $11) 1-0

[Event "AUT Bundesliga 2024-25"]
[Site "Austria"]
[Date "2025.04.04"]
[Round "9.26"]
[White "Koelle, Tobias"]
[Black "Pechac, Jergus"]
[Result "1/2-1/2"]
[Annotator "TA"]
[ECO "D41"]
[WhiteElo "2459"]
[BlackElo "2600"]
[PlyCount "63"]
[EventDate "2024.08.28"]
[EventType "team-tourn"]
[EventCountry "AUT"]
[SourceTitle "playchess.com"]
[Source "ChessBase"]
[SourceQuality "1"]
[TimeControl "40/5400+30:1800+30"]

1. d4 Nf6 2. c4 e6 3. Nf3 d5 4. Nc3 c5 5. cxd5 cxd4 6. Qxd4 exd5 7. e4 dxe4 8. Qxd8+ Kxd8 9. Ng5 {[%emt 0:00:06][%csl LRe4,LRf7] White has an edge.} Be6 10. Nxe6+ fxe6 11. Bg5 Nc6 12. Bc4 Ke7 13. Nxe4 Kf7 14. Bxf6 gxf6 15. O-O-O Rd8 {[%emt 0:00:05] Against Rd7+} ({Reject} 15... Ne5 16. Bb3 $16) 16. Rxd8 Nxd8 17. Rd1 Be7 18. Rd7 {[%emt 0:02:30] [#] Black must now prevent Nd6+.} f5 19. Nd6+ Kf6 20. Nxb7 Nxb7 21. Rxb7 $14 {[%emt 0:00:06][%mdl 4096] Endgame KRB-KRB. White is a pawn up.} Bc5 22. f3 Bg1 23. h3 h5 {[%emt 0:00:11] The position is equal.} 24. Rc7 Rg8 {[%emt 0:00:13] [#]} 25. g4 $1 hxg4 26. hxg4 fxg4 27. fxg4 Rxg4 28. Rc6 Re4 29. Kd2 Ke7 30. Be2 Rd4+ 31. Bd3 Rd6 32. Rxd6 {[%emt 0:00:06] Weighted Error Value: White=0.02 (flawless) /Black=0.01 (flawless)   Inaccurate:     	---       	Black=1      OK:         	White=12    	Black=13     Best:        	White=2     	Black=1} 1/2-1/2

[Event "AUT Bundesliga 2024-25"]
[Site "Austria"]
[Date "2025.04.04"]
[Round "9.27"]
[White "Zilka, Stepan"]
[Black "Deuer, Marius"]
[Result "1/2-1/2"]
[Annotator "TA"]
[ECO "B11"]
[WhiteElo "2515"]
[BlackElo "2464"]
[PlyCount "97"]
[EventDate "2024.08.28"]
[EventType "team-tourn"]
[EventCountry "AUT"]
[SourceTitle "playchess.com"]
[Source "ChessBase"]
[SourceQuality "1"]
[TimeControl "40/5400+30:1800+30"]

1. e4 c6 2. Nf3 d5 3. Nc3 Bg4 4. h3 Bxf3 5. Qxf3 e6 6. g3 d4 {[%emt 0:00:26] B11: Caro-Kann: Two Knights Variation.} 7. Ne2 Nd7 8. Bg2 ({Much worse is} 8. Nxd4 Ne5 9. Qe2 Qxd4 $17) 8... c5 $146 (8... Ne5 9. Qb3 d3 10. Qc3 f6 11. Nf4 Qd7 12. Nxd3 Nxd3+ 13. Qxd3 Qxd3 14. cxd3 O-O-O {½-½ Kosteniuk,A (2516)-Anton Guijarro,D (2694) Chess.com Rapid Wk5 Swiss 2022 (1)}) 9. O-O Ne7 10. Qb3 Qb6 11. d3 Nc6 12. Bd2 Bd6 13. f4 e5 14. h4 Qxb3 15. axb3 O-O-O 16. Bh3 Kb8 17. Kg2 Rhf8 18. Ng1 b5 19. Nf3 Kb7 20. Rf2 h6 21. Raf1 f6 22. Be6 {[%emt 0:04:16] Black is weak on the light squares} Nb6 23. Kh3 Rde8 24. Bf5 c4 25. fxe5 fxe5 26. bxc4 bxc4 27. g4 {[%emt 0:00:07][%csl Of5] Strong Square White (f5)} Bb4 28. dxc4 Nxc4 29. Bd7 Nxd2 $1 30. Nxd2 Rxf2 $1 31. Rxf2 Re7 32. Bxc6+ Kxc6 $11 {[%emt 0:00:02][%mdl 4096] Endgame KRB-KRN} 33. Nc4 Kc5 (33... Kb5 $5 34. b3 $8 Be1 $16) 34. b3 Bc3 35. g5 hxg5 36. hxg5 d3 37. cxd3 Kd4 38. Rf3 {[%emt 0:00:48] Threatening Ne3.} g6 39. Kg4 Rb7 40. Rf6 {[%emt 0:05:02] [#]} Kxd3 41. Rxg6 Rxb3 42. Nd6 Rb1 {[%emt 0:03:10] [#]} 43. Rh6 ({White should try} 43. Rg8 $1 $16) 43... Rg1+ $1 {[%emt 0:05:03] The position is equal.} 44. Kf5 Rxg5+ $1 45. Kxg5 {[%emt 0:00:00] Rh3+ is the strong threat.} Bd2+ 46. Kg6 Bxh6 47. Kxh6 a5 48. Nb7 Kxe4 {[%emt 0:00:19] ...a4 would now be deadly.} (48... a4 $5 49. Nc5+ $8 Kd4 50. Nxa4 Kxe4 $11) 49. Nxa5 {[%emt 0:00:00] Weighted Error Value: White=0.08 (flawless) /Black=0.06 (flawless)   Mistake:       	White=1     	---        Inaccurate:     	White=2     	Black=4      OK:         	White=20    	Black=12     Best:        	---       	Black=4      Strong:       	---       	Black=4} 1/2-1/2

[Event "AUT Bundesliga 2024-25"]
[Site "Austria"]
[Date "2025.04.04"]
[Round "9.28"]
[White "Rosner, Jonas"]
[Black "Stalmach, Richard"]
[Result "1/2-1/2"]
[Annotator "RC"]
[ECO "E05"]
[WhiteElo "2430"]
[BlackElo "2427"]
[PlyCount "97"]
[EventDate "2024.08.28"]
[EventType "team-tourn"]
[EventCountry "AUT"]
[SourceTitle "playchess.com"]
[Source "ChessBase"]
[SourceQuality "1"]
[TimeControl "40/5400+30:1800+30"]

1. d4 Nf6 2. c4 e6 3. g3 d5 4. Nf3 Be7 5. Bg2 O-O 6. O-O dxc4 7. Ne5 Nc6 8. Bxc6 bxc6 9. Nxc6 Qe8 10. Nxe7+ Qxe7 11. Qa4 e5 12. dxe5 Qxe5 13. Qxc4 Be6 14. Qd3 Rad8 15. Qe3 Qh5 16. f3 Rfe8 17. Qg5 Qh3 18. Qc5 Bd5 19. Qf2 Bc4 20. Nc3 Nd5 21. Re1 Nxc3 22. bxc3 Qf5 23. Be3 a5 24. Bd4 Qc2 25. e4 Qxf2+ 26. Kxf2 Rb8 27. Reb1 Bd3 28. Rxb8 Rxb8 29. Be5 Rb2+ 30. Ke3 Bc4 31. Bxc7 a4 32. a3 Rxh2 33. Rd1 Re2+ 34. Kd4 Bb3 35. Rc1 Ra2 36. c4 Rxa3 37. c5 Be6 38. f4 Rb3 39. f5 Rb4+ 40. Kc3 Rb3+ 41. Kd2 Bc8 42. Rc4 a3 43. c6 Rb2+ 44. Ke3 f6 45. Ra4 Rc2 46. Ra8 Rxc6 47. Rxc8+ Kf7 48. Ra8 Rxc7 49. Rxa3 1/2-1/2

[Event "AUT Bundesliga 2024-25"]
[Site "Austria"]
[Date "2025.04.04"]
[Round "9.29"]
[White "Haba, Petr"]
[Black "Weber, Samuel"]
[Result "1-0"]
[Annotator "RC"]
[ECO "B12"]
[WhiteElo "2413"]
[BlackElo "2302"]
[PlyCount "87"]
[EventDate "2024.08.28"]
[EventType "team-tourn"]
[EventCountry "AUT"]
[SourceTitle "playchess.com"]
[Source "ChessBase"]
[SourceQuality "1"]
[TimeControl "40/5400+30:1800+30"]

1. e4 c6 2. d4 d5 3. e5 Bf5 4. Bd3 Bxd3 5. Qxd3 e6 6. Ne2 Ne7 7. O-O Nd7 8. Nd2 Qc7 9. Nf3 h6 10. Ng3 c5 11. c3 cxd4 12. cxd4 Rc8 13. Bd2 Qc4 14. Qb1 Qa6 15. a4 Nc6 16. Rc1 Qb6 17. Qd3 Be7 18. Nh5 g6 19. Nf4 Kd8 20. Bc3 Na5 21. Bxa5 Qxa5 22. b3 Nb8 23. Qe3 Kd7 24. Nd3 Rxc1+ 25. Rxc1 b6 26. Qf4 Qa6 27. Rc3 g5 28. Qxf7 Rc8 29. Rxc8 Qxc8 30. h4 g4 31. Nh2 g3 32. Ng4 gxf2+ 33. Kf1 Nc6 34. Nf4 Kc7 35. Nxe6+ Kb8 36. Nf6 Nxd4 37. Nxd4 Qc1+ 38. Kxf2 Qf4+ 39. Ke2 Qxe5+ 40. Kd3 Qg3+ 41. Nf3 Bxf6 42. Qxf6 Qxg2 43. Qd8+ Kb7 44. Qxd5+ 1-0

[Event "AUT Bundesliga 2024-25"]
[Site "Austria"]
[Date "2025.04.04"]
[Round "9.30"]
[White "Leeb, Simon"]
[Black "Bures, Jaroslav"]
[Result "1/2-1/2"]
[Annotator "RC"]
[ECO "A80"]
[WhiteElo "2220"]
[BlackElo "2396"]
[PlyCount "26"]
[EventDate "2024.08.28"]
[EventType "team-tourn"]
[EventCountry "AUT"]
[SourceTitle "playchess.com"]
[Source "ChessBase"]
[SourceQuality "1"]
[TimeControl "40/5400+30:1800+30"]

1. d4 f5 2. Nc3 Nf6 3. Bg5 d5 4. Bxf6 exf6 5. e3 Be6 6. Bd3 Nc6 7. Qf3 Qd7 8. a3 g5 9. Qh5+ Bf7 10. Qf3 Be6 11. Qh5+ Bf7 12. Qf3 Be6 13. Qh5+ Bf7 1/2-1/2

[Event "AUT Bundesliga 2024-25"]
[Site "Austria"]
[Date "2025.04.04"]
[Round "9.31"]
[White "Ragger, Markus"]
[Black "Horvath, Dominik"]
[Result "1/2-1/2"]
[Annotator "TA"]
[ECO "C54"]
[WhiteElo "2585"]
[BlackElo "2543"]
[PlyCount "49"]
[EventDate "2024.08.28"]
[EventType "team-tourn"]
[EventCountry "AUT"]
[SourceTitle "playchess.com"]
[Source "ChessBase"]
[SourceQuality "1"]
[TimeControl "40/5400+30:1800+30"]

1. e4 e5 2. Nf3 Nc6 3. Bc4 Bc5 4. c3 Nf6 5. d4 exd4 6. e5 d5 7. Bb5 Ne4 8. cxd4 Bb6 9. Nc3 O-O {[%emt 0:02:04] The position is equal.} 10. Be3 {[%emt 0:01:03] C54: Giuoco Piano: 4 c3 Nf6, main lines with 5 d4 and 5 d3.} Bg4 11. h3 Bh5 (11... Bxf3 {simplifies} 12. gxf3 Nxc3 13. bxc3 Ne7) 12. Qc2 Ba5 13. O-O Bxf3 14. gxf3 Nxd4 15. Bxd4 Qg5+ 16. Kh1 Bxc3 $1 17. bxc3 (17. Bxc3 $5 Qf5 $8 18. Kh2 (18. fxe4 Qxh3+ 19. Kg1 Qg4+ 20. Kh2 Qf4+ 21. Kh3 Qf3+ 22. Kh2 Qf4+ 23. Kg1 Qg4+ 24. Kh2 Qh4+ 25. Kg1 Qg4+ $11) 18... Qf4+ 19. Kg2 Qg5+ 20. Kh1 $11) 17... Qf5 18. Kg2 Qg5+ 19. Kh1 Qf5 20. fxe4 $5 {[%emt 0:03:10][%mdl 4] An interesting side line.} Qxh3+ 21. Kg1 Qg4+ 22. Kh1 Qh3+ 23. Kg1 Qg4+ 24. Kh1 $146 (24. Kh2 Qh4+ 25. Kg2 Qg4+ {½-½ Wang,H (2702)-Huang,R (2513) Chengdu Chess King rapid 2024 (2.2)}) 24... Qh3+ 25. Kg1 {[%emt 0:00:04] A rather calm draw.   Weighted Error Value: White=0.04 (flawless) /Black=0.03 (flawless)   Inaccurate:     	White=1     	Black=1      OK:         	White=5     	Black=7      Best:        	---       	Black=3      Strong:       	---       	Black=1} 1/2-1/2

[Event "AUT Bundesliga 2024-25"]
[Site "Austria"]
[Date "2025.04.04"]
[Round "9.32"]
[White "Kozak, Adam"]
[Black "Costa, Leonardo"]
[Result "1-0"]
[Annotator "TA"]
[ECO "C77"]
[WhiteElo "2598"]
[BlackElo "2510"]
[PlyCount "165"]
[EventDate "2024.08.28"]
[EventType "team-tourn"]
[EventCountry "AUT"]
[SourceTitle "playchess.com"]
[Source "ChessBase"]
[SourceQuality "1"]
[TimeControl "40/5400+30:1800+30"]

1. e4 e5 2. Nf3 Nc6 3. Bb5 a6 4. Ba4 Nf6 5. d3 d6 6. c4 g6 7. Nc3 Bg7 8. h3 O-O 9. O-O h6 {[%emt 0:03:55] C77: Ruy Lopez: 3...a6 4 Ba4 Nf6, unusual lines.} 10. Be3 Nd7 11. d4 f5 $146 {[%emt 0:00:04] White is slightly better.} (11... Na5 12. Bxd7 Bxd7 13. b3 Nc6 14. Qd2 Kh7 15. Rad1 f5 16. exf5 Rxf5 17. d5 Ne7 {1-0 Pichot,A (2633)-Kantor,G (2527) Julius Baer Play In rapid 2023 (1.27)}) 12. dxe5 f4 13. e6 Nde5 14. Nxe5 $1 Bxe5 (14... Nxe5 $6 15. Nd5 Bxe6 (15... fxe3 $2 16. e7 $18) 16. Nxf4 $16 (16. Bxf4 Nxc4 17. Bb3 b5 $14)) 15. Bxc6 bxc6 (15... fxe3 16. f4 (16. Bd5 exf2+ 17. Rxf2 Kg7 $11) 16... bxc6 17. fxe5) 16. Bd4 Qf6 17. Bxe5 Qxe5 {[%emt 0:00:03] [#]} 18. e7 $1 Qxe7 {[%emt 0:00:17][%cal Of4f3] Hoping for ...f3!.} 19. f3 Qe5 20. Qd3 a5 21. b3 Kg7 22. Rfd1 g5 23. Qd4 (23. Rac1 {looks sharper.} Be6 24. Kf2 Kf6 25. Qd4) 23... Qxd4+ 24. Rxd4 c5 25. Rd2 Re8 26. Kf2 Bd7 {[%emt 0:00:41] [#]} 27. h4 $1 Bc6 (27... a4 28. bxa4) 28. Rg1 Rab8 29. g3 fxg3+ 30. Rxg3 Kf6 31. Ke3 Rg8 32. hxg5+ hxg5 33. Rdg2 Rbf8 34. Kd3 Ke7 35. Ke2 {[%emt 0:01:07] White leaves nothing to chance now.} (35. Rxg5 Rxf3+ 36. Kc2 Rf2+ 37. Rxf2 Rxg5 $11) 35... Kf6 36. f4 Ke7 (36... Re8 $142) 37. fxg5 $16 Kf7 38. Rh2 Rh8 {[%emt 0:08:46] [#] Against Rh7+} 39. Rh6 Kg7 40. Rgh3 Rxh6 41. Rxh6 $18 {[%emt 0:12:23][%mdl 4096] Endgame KRB-KRN. White is a pawn up.} a4 (41... Re8) 42. bxa4 Rf4 (42... Bb7 43. Nb5 Bxe4) 43. Re6 Kf7 44. Nd5 Rh4 45. Rf6+ Kg7 46. Nxc7 {[%emt 0:02:08] and Ne6+ would now be decisive} Bxe4 (46... Rxe4+ {was called for.} 47. Kd3 Rg4 48. Ne6+ (48. Rxd6 Bxa4 49. Kc3 Kf7 $18) 48... Kg8) 47. Ne8+ ({Less strong is} 47. Rxd6 Bc2 48. a5 Rxc4 $16) 47... Kh7 48. Rh6+ Rxh6 49. gxh6 {[%emt 0:00:03] White threatens Nf6+ and mate.} Kxh6 50. Nxd6 {[%emt 0:00:05] KB-KN. White is two pawns up.} Bg2 51. Kf2 Bc6 52. a5 Kg6 53. Ke3 Bg2 54. Ne4 Kf5 55. Nxc5 Ke5 56. Nd3+ Kd6 57. Kd4 Kc6 58. Nb4+ Kd6 59. Nd5 Kc6 60. Ne3 Bf3 61. Nc2 Bg2 62. Nb4+ Kd6 $1 63. a6 {[%emt 0:01:08] Wards off Bb7} Bf3 64. c5+ Kc7 65. Nd5+ Kb8 66. c6 Bg4 67. Kc5 Ka7 68. Nb4 Bh3 69. c7 Bg4 70. a4 Bh3 71. a5 Bg4 72. Kd4 Bh3 73. Kc3 Bg4 74. Kb2 Bh3 75. Ka1 Bg4 76. Kb2 Bh3 $1 77. Kc1 {[%emt 0:00:04] White mates.} Bg4 78. Kd2 Bh3 79. Ke1 Bg4 80. Kf2 Bh3 81. Kg3 Bf5 82. Kh4 Bc8 83. Kg5 {[%emt 0:00:09] Weighted Error Value: White=0.03 (flawless) /Black=0.45  Mistake:       	---       	Black=4      Inaccurate:     	White=1     	Black=5      OK:         	White=23    	Black=18     Best:        	White=6     	Black=2      Strong:       	White=1     	---} 1-0